 Dungeon Crawl Stone Soup version 0.25-b1-37-g2669288c55 (webtiles) character file.

Game seed: 13341015844609553898

30 DungeonMaster the Magician (level 3, -1/24 HPs)
             Began as a Demonspawn Wizard on June 5, 2020.
             Slain by a worm (7 damage)
             ... on level 1 of the Dungeon.
             The game lasted 00:04:27 (1252 turns).

DungeonMaster the Magician (Demonspawn Wizard)      Turns: 1252, Time: 00:04:28

Health: -1/24      AC:  3    Str:  7    XL:     3   Next: 3%
Magic:  5/8        EV: 12    Int: 20    God:
Gold:   0          SH:  0    Dex: 11    Spells: 6/9 levels left

rFire    . . .     SeeInvis .   e - +0 whip
rCold    . . .     Gourm    .   (no shield)
rNeg     . . .     Faith    .   a - +0 robe
rPois    .         Spirit   .   b - +0 hat
rElec    .         Reflect  .   (no cloak)
rCorr    .         Harm     .   (no gloves)
MR       .....                  (no boots)
Stlth    ++........             (no amulet)
HPRegen  0.08/turn              (no ring)
MPRegen  0.11/turn              (no ring)

@: lethally poisoned (-1 -> -5)
A: horns 1, rugged brown scales 1
a: no special abilities


You were on level 1 of the Dungeon.
You were not hungry.

You visited 1 branch of the dungeon, and saw 2 of its levels.

Inventory:

Hand Weapons
 e - a +0 whip (weapon)
Missiles
 i - 15 sling bullets
Armour
 a - a +0 robe (worn)
 b - a +0 hat (worn)
Jewellery
 c - an uncursed ring of fire {unknown}
Scrolls
 g - a scroll of teleportation {unknown}
 h - a scroll of identify {unknown}
Potions
 f - a potion of might {unknown}
Comestibles
 d - 3 rations


   Skills:
 - Level 1.7 Dodging
 - Level 1.7 Stealth
 * Level 3.9 Spellcasting
 * Level 1.4 Conjurations
   Level 1.0 Summonings
 - Level 0.8 Translocations


You had 6 spell levels left.
You knew the following spells:

 Your Spells              Type           Power        Failure   Level  Hunger
a - Magic Dart            Conj           #...         8%          1    None
b - Blink                 Tloc           N/A          14%         2    ##.....

Your spell library contained the following spells:

 Spells                   Type           Power        Failure   Level  Hunger
 Call Imp                 Summ           #.......     13%         2    ##.....
 Slow                     Hex            #.......     21%         2    ##.....
 Conjure Flame            Conj/Fire      #.......     28%         3    ###....
 Mephitic Cloud           Conj/Pois/Air  #.......     32%         3    ###....


Dungeon Overview and Level Annotations

Branches:
Dungeon (2/15)

Altars:


Innate Abilities, Weirdness & Mutations

You have a pair of small horns on your head.
You are partially covered in rugged brown scales. (AC +1, +3% HP)


Message History

The adder bites you.
You are poisoned.
The adder poisons you! The worm bites you!
Casting: Magic Dart (safe; 8% risk of failure)
Confirm with . or Enter, or press ? or * to list all spells.
Aiming: Magic Dart (safe; 8% risk of failure)
Press: ? - help, Shift-Dir - straight line, f/p - worm
Aim: a worm (lightly wounded)
The magic dart hits the worm.
The worm is moderately wounded.
You feel sick. The adder barely misses you. The adder closely misses you.
Casting: Magic Dart (safe; 8% risk of failure)
Confirm with . or Enter, or press ? or * to list all spells.
Aiming: Magic Dart (safe; 8% risk of failure)
Press: ? - help, Shift-Dir - straight line, f/p - worm
Aim: a worm (moderately wounded)
The magic dart hits the worm.
The worm is moderately wounded.
You feel sick. The worm bites you!
You die...

#.# #.# #.....###########. #.#
###.# ##......#.# #### #.# #...#
##..##...#####... #.####.########
##..###....##... #......##.....##
#...##.##......
##..............####.....#####...
.................# ###...### #...
.................####......# #...
.............)..@w.........###...
................S##.........#####
.................##..........####
.................##.............#
................###.........###..
........##..................# ###
.(....#############.........#
......# #.........# ......#
#.........#


You could see a worm and an adder.

Vanquished Creatures
  An ooze (D:1)
  2 dart slugs (D:1)
  A ball python (D:1)
  5 bats (D:1)
  A giant cockroach (D:1)
  4 goblins (D:1)
  A hobgoblin (D:1)
  A frilled lizard (D:1)
  A kobold (D:1)
  4 rats
21 creatures vanquished.

Notes
Turn   | Place    | Note
-------+----------+-------------------------------------------
     0 | D:1      | DungeonMaster the Demonspawn Wizard began the quest for the
                  | Orb.
     0 | D:1      | Reached XP level 1. HP: 13/13 MP: 4/4
   445 | D:1      | Gained mutation: You have a pair of small horns on your
                  | head. [demonic ancestry]
   445 | D:1      | Reached XP level 2. HP: 19/19 MP: 1/6
   768 | D:1      | Learned a level 2 spell: Blink
   908 | D:1      | Gained mutation: You are partially covered in rugged brown
                  | scales. (AC +1, +3% HP) [demonic ancestry]
   908 | D:1      | Reached XP level 3. HP: 19/24 MP: 2/8
  1252 | D:1      | Slain by a worm

Illustrated notes

Levels and vault maps discovered:
D:1:      dpeg_arrival_stone_temple_mockup, layout_rooms
D:2:      layout_basic

Action                   || total
-------------------------++-------
Melee: Whip              ||    18
       Headbutt          ||     1
 Cast: Magic Dart        ||    55
  Eat: Chunk             ||     1
Armor: Robe              ||     6
Dodge: Dodged            ||    43
